 Dungeon Crawl Stone Soup version 0.29.1-1-gd02db6906a (webtiles) character file.

Game seed: 1464101445933449942

1403 dave1331 the Cleaver (level 8, -2/71 HPs)
             Began as a Hill Orc Fighter on Oct 4, 2022.
             Succumbed to a kobold brigand's curare-tipped dart
             ... on level 6 of the Dungeon.
             The game lasted 00:12:23 (6652 turns).

dave1331 the Cleaver (Hill Orc Fighter)             Turns: 6652, Time: 00:12:23

Health: -2/71      AC:  9    Str: 19 (21) XL:     8   Next: 69%
Magic:  8/8        EV:  9    Int:  8      God:
Gold:   229        SH:  4    Dex: 10      Spells: 7/7 levels left

rFire   . . .      SeeInvis .   a - +0 war axe (protect)
rCold   . . .      Faith    +   c - +0 buckler
rNeg    + . .      Spirit   .   b - +0 scale mail
rPois   .          Reflect  .   (no helmet)
rElec   .          Harm     .   (no cloak)
rCorr   .          Rampage  .   q - +0 pair of gloves
Will    .....                   (no boots)
Stlth   ..........              m - amulet of faith
HPRegen 0.21/turn               l - ring of flight
MPRegen 0.11/turn               s - ring "Sumaog" {Wiz rN+}

@: lethally poisoned (-2 -> -12), flying, slowed, very slow
A: no striking features
a: no special abilities


You were on level 6 of the Dungeon.
You visited 1 branch of the dungeon, and saw 6 of its levels.

You collected 229 gold pieces.

Inventory:

Hand Weapons
 a - a +0 war axe of protection (weapon)
 o - a +2 vorpal flail
Armour
 b - a +0 scale mail (worn)
 c - a +0 buckler (worn)
 q - a +0 pair of gloves (worn)
Jewellery
 l - a ring of flight (left hand)
 m - an amulet of faith (around neck)
 s - the ring "Sumaog" (right hand) {Wiz rN+}
   (You found it on level 3 of the Dungeon)

   [ring of wizardry]

   It improves your spell success rate.
   rN:        It protects you from negative energy.
Wands
 e - a wand of paralysis (12)
 h - a wand of digging (6)
Scrolls
 f - 2 scrolls of noise
 k - 2 scrolls of identify
 t - a scroll of poison
 u - a scroll of butterflies
 v - a scroll of teleportation
 w - 2 scrolls of blinking
Potions
 d - a potion of might
 g - a potion of berserk rage
 i - a potion of curing
 j - a potion of invisibility
 n - a potion of attraction {unknown}
 p - a potion of heal wounds
 r - a potion of mutation {unknown}


   Skills:
 + Level 6.7 Fighting
 + Level 9.3 Axes
 + Level 6.5 Armour
 + Level 1.6 Dodging
 + Level 0.3 Stealth
 + Level 4.2 Shields


You had 7 spell levels left.
You didn't know any spells.
Your spell library contained the following spells:

 Spells                   Type           Power      Damage    Failure   Level
 Beastly Appendage        Tmut           0%         N/A       50%         1
 Freeze                   Ice            0%         1d3       50%         1
 Sting                    Tmut/Pois      0%         1d3       50%         1
 Poisonous Vapours        Pois/Air       0%         N/A       65%         2
 Wereblood                Tmut           0%         N/A       65%         2
 Frozen Ramparts          Ice            0%         1d1       86%         3
 Gell's Gravitas          Tloc           0%         N/A       86%         3
 Lesser Beckoning         Tloc           0%         N/A       86%         3
 Spider Form              Tmut/Pois      0%         N/A       86%         3
 Teleport Other           Tloc           0%         N/A       86%         3
 Hailstorm                Conj/Ice       0%         3d3       99%         4
 Olgreb's Toxic Radiance  Pois           0%         N/A       99%         4


Dungeon Overview and Level Annotations

Branches:
Dungeon (6/15)             Temple (0/1) D:5

Altars:
Gozag
Hepliaklqana
Kikubaaqudgha
Nemelex Xobeh
Xom
The Shining One
Beogh

Annotations:
D:3 3 runed translucent doors, Cheops's ghost, amateur GrFi


Message History

The kobold brigand throws a curare-tipped dart.
The curare-tipped dart hits you.
You are more poisoned.
You have difficulty breathing.
You feel as though you will be slow longer.
You hear a shout!
A kobold comes into view.
It is wielding a +0 whip and quivering poisoned darts.
You feel extremely sick.
The kobold shouts!
A kobold comes into view. It is wielding a +0 club.
The kobold brigand hits you with a +0 short sword.
You hit the kobold brigand.
Your weapon exudes an aura of protection.
The kobold brigand is moderately wounded.
You miss the kobold.
You feel very sick. The kobold hits you but does no damage.
A kobold comes into view. It is wielding a +0 short sword.
The kobold brigand hits you with a +0 short sword.
* * * LOW HITPOINT WARNING * * *
You block the kobold brigand's attack.
You barely miss the kobold. You barely miss the kobold brigand.
* * * LOW HITPOINT WARNING * * *
You feel very sick. The kobold hits you but does no damage.
The kobold brigand barely misses you.
The kobold hits you with a +0 short sword.
* * * LOW HITPOINT WARNING * * *
The kobold closely misses you. The kobold brigand barely misses you.
* * * LOW HITPOINT WARNING * * *
You feel very sick.
The kobold throws a stone.
The stone hits you but does no damage. You block the kobold's attack.
The kobold brigand throws a curare-tipped dart.
The curare-tipped dart hits you.
You are lethally poisoned!
You have difficulty breathing.
* * * LOW HITPOINT WARNING * * *
You feel as though you will be slow longer.
The kobold attacks as you move away! The kobold barely misses you.
You die...

#.....<# #...##.# #...##.#
#...##.# #...##.# #....#..
#############.##....
#######...................
....KKK..@#######....#.>..
#####KKK..#.....#.###.....
##..K...............#...
#......)........#####...
.........†...†........###
..................####....
..................# #####
..................#
...............##


You could see a kobold brigand and 6 kobolds.

Vanquished Creatures
  A black bear (D:5)
  A sky beast (D:6)
  An ogre (D:5)
  An ice beast (D:5)
  A centaur (D:5)
  2 phantoms
  A necrophage (D:6)
  3 scorpions
  A howler monkey (D:6)
  2 hounds
  A jelly (D:5)
  Terence (D:2)
  5 iguanas
  4 orc wizards
  4 gnolls (D:5)
  5 adders
  A shadow imp (D:3)
  4 worms
  2 dart slugs
  11 orcs
  3 ball pythons
  6 bats
  11 endoplasms
  6 giant cockroaches
  5 goblins
  6 hobgoblins
  6 jackals
  A quokka (D:5)
  8 kobolds
  10 rats
114 creatures vanquished.

Vanquished Creatures (others)
  6 fungi
  3 plants
  10 toadstools (D:6)
19 creatures vanquished.

Grand Total: 133 creatures vanquished

Notes
Turn   | Place    | Note
-------+----------+-------------------------------------------
     0 | D:1      | dave1331 the Hill Orc Fighter began the quest for the Orb.
     0 | D:1      | Reached XP level 1. HP: 19/19 MP: 1/1
   156 | D:1      | Reached XP level 2. HP: 27/27 MP: 2/2
   205 | D:1      | Reached skill level 3 in Axes
   561 | D:1      | Reached XP level 3. HP: 30/33 MP: 3/3
   936 | D:2      | Reached skill level 4 in Axes
  1013 | D:2      | Found a faded altar of an unknown god.
  1415 | D:2      | Reached XP level 4. HP: 40/40 MP: 4/4
  1445 | D:2      | Found an ancient bone altar of Kikubaaqudgha.
  1449 | D:2      | Noticed Terence
  1462 | D:2      | Killed Terence
  1984 | D:3      | Reached XP level 5. HP: 42/47 MP: 5/5
  2148 | D:3      | Identified the ring "Sumaog" {Wiz rN+}
  2334 | D:3      | Found a glowing golden altar of the Shining One.
  2587 | D:3      | Found a runed translucent gate.
  2587 | D:3      | Found a runed translucent gate.
  2587 | D:3      | Found a runed translucent gate.
  2587 | D:3      | Noticed Cheops's ghost (amateur GrFi)
  2601 | D:3      | Identified the +8 mace "Hell-Harrower" {freeze, Contam
                  | Str+2 Dex+6}
  2601 | D:3      | Identified the +1 chain mail of the Eternal Fruit {Harm
                  | rCorr Int+3 Dex-4}
  2615 | D:3      | Found a roughly hewn altar of Beogh.
  2654 | D:3      | Found a sparkling altar of Nemelex Xobeh.
  3053 | D:4      | Reached skill level 5 in Axes
  3513 | D:4      | Found a hazy altar of Hepliaklqana.
  3518 | D:4      | Found an opulent altar of Gozag.
  3576 | D:4      | Reached XP level 6. HP: 37/53 MP: 6/6
  3833 | D:4      | Reached skill level 5 in Armour
  3833 | D:4      | Reached skill level 1 in Dodging
  4415 | D:5      | Entered Level 5 of the Dungeon
  4478 | D:5      | Reached skill level 6 in Axes
  4535 | D:5      | Reached XP level 7. HP: 51/60 MP: 7/7
  4622 | D:5      | Reached skill level 7 in Axes
  4938 | D:5      | Found a staircase to the Ecumenical Temple.
  5019 | D:5      | Reached skill level 5 in Fighting
  5225 | D:5      | Reached skill level 8 in Axes
  5401 | D:5      | Reached XP level 8. HP: 67/69 MP: 8/8
  5979 | D:5      | Found a shimmering altar of Xom.
  6333 | D:6      | Reached skill level 9 in Axes
  6651 | D:6      | HP: 1/71 [asphyx]
  6652 | D:6      | Succumbed to a kobold brigand's curare-tipped dart

Illustrated notes

Levels and vault maps discovered:
D:1:      matt_arrival_refuge, layout_rooms
D:2:      layout_loops_ring, basic_altar,
          shapermc_ecumenical_altar_mp_urbaneastern, uniq_terence
D:3:      layout_loops_corners, tso_oasis_becter,
          nemelex_xobeh_ov_fountains_minmay, biasface_ghost_orc_armoury
D:4:      layout_loops_cross, grunt_temple_overflow_open
D:5:      layout_cave_pods, lemuel_crystal_altar, minmay_temple_entry_arrows
D:6:      cheibrodos_fertilizer, layout_rooms

Skill      XL: |  1  2  3  4  5  6  7  8 |
---------------+-------------------------+-----
Fighting       | 4 5 6 |  6.7
Axes           | 3 4 5 6 8 9 |  9.3
Armour         | 4 5 6 |  6.5
Dodging        | 1 |  1.6
Shields        | 4 |  4.2
Stealth        | |  0.3

Action                   |  1- 3 |  4- 6 |  7- 9 || total
-------------------------+-------+-------+-------++-------
Melee: War axe           |   112 |   127 |   148 ||   387
  Use: Potion            |     1 |       |     7 ||     8
       Scroll            |       |     7 |     1 ||     8
Armor: Scale mail        |    92 |    60 |   112 ||   264
Dodge: Dodged            |    61 |    57 |    88 ||   206
Block: Buckler           |    31 |    26 |    34 ||    91
